 Dungeon Crawl Stone Soup version 0.23-a0-378-gd7a6ca6 (console) character file.

133 bli the Poker (level 5, 0/42 HPs)
             Began as a Merfolk Monk on Oct 27, 2018.
             Slain by Grinder (3 damage)
             ... on level 3 of the Dungeon.
             The game lasted 00:08:01 (1975 turns).

bli the Poker (Merfolk Monk)                        Turns: 1975, Time: 00:08:02

Health: 0/42       AC:  5    Str: 12    XL:     5   Next: 16%
Magic:  5/5        EV: 14    Int:  9    God:
Gold:   127        SH:  0    Dex: 17    Spells: 4/4 levels left

rFire    . . .     SeeInvis .   a - +0 spear
rCold    . . .     Gourm    .   (no shield)
rNeg     . . .     Faith    .   o - +2 animal skin
rPois    .         Spirit   .   p - +0 helmet
rElec    .         Reflect  .   (no cloak)
rCorr    .         Harm     .   (no gloves)
MR       .....                  (no boots)
Stlth    ++........             (no amulet)
HPRegen  0.14/turn              (no ring)
MPRegen  0.09/turn              (no ring)

@: no status effects
A: change form in water, swift swim, stealthy swim
a: no special abilities


You were on level 3 of the Dungeon.
You were hungry.

You visited 1 branch of the dungeon, and saw 3 of its levels.

You collected 127 gold pieces.

Inventory:

Hand Weapons
 a - a +0 spear (weapon)
Missiles
 e - 30 arrows
 g - 27 stones (quivered)
Armour
 b - a +0 robe
 l - a +0 shield
 o - a +2 animal skin (worn)
 p - a +0 helmet (worn)
Wands
 r - a wand of iceblast (11)
Scrolls
 h - a scroll of noise {unknown}
 k - a scroll of amnesia {unknown}
 m - a scroll of blinking {unknown}
 q - a scroll of identify {unknown}
Potions
 d - 3 potions of curing {unknown}
 f - a potion of ambrosia {unknown}
 i - a potion of agility {unknown}
 j - a potion of invisibility {unknown}
Comestibles
 c - 3 rations
 n - 4 chunks of flesh


   Skills:
 * Level 4.3 Fighting
 + Level 7.4 Polearms
 + Level 4.0 Dodging
 - Level 2.1 Stealth


You had 4 spell levels left.
You didn't know any spells.
Your spell library contained the following spells:

 Spells                   Type           Power        Failure   Level  Hunger
 Corona                   Hex            #......      38%         1    ##.....
 Ensorcelled Hibernation  Hex/Ice        #.....       52%         2    ###....
 Confuse                  Hex            #.......     77%         3    ####...
 Dazzling Spray           Conj/Hex       #.....       77%         3    ####...
 Tukima's Dance           Hex            #.......     77%         3    ####...


Dungeon Overview and Level Annotations

Branches:
Dungeon (3/15)

Altars:
Nemelex Xobeh
Qazlal

Annotations:
D:3 Grinder


Message History

The hobgoblin hits you with a +0 club.
* * * LOW HITPOINT WARNING * * *
You can move again.
You hit Grinder.
Grinder is lightly wounded.
Grinder hits you.
* * * LOW HITPOINT WARNING * * *
Evoke which item? (* to show all) (? for menu, Esc to quit)
Aiming: Iceblast
Press: ? - help, Shift-Dir - straight line The mass of ice explodes!
The iceblast engulfs Grinder.
Grinder partially Grinder is moderately wounded.
The hobgoblin barely misses you. Grinder barely misses you.
Evoke which item? (* to show all) (? for menu, Esc to quit)
Aiming: Iceblast
Press: ? - help, Shift-Dir - straight line The mass of ice explodes!
The iceblast engulfs Grinder.
Grinder partially Grinder is severely wounded.
The hobgoblin closely misses you. Grinder hits you.
You die...

..# #.# #. #..# #.# #.##..#
#.# #
#.##..#######.#############
#.##.#.......................#
..........#####.#####.#...#.#
#.......# #.#...........#
#.......#####.#.####......#
#......รท...5....####......#
#........g@.............#..
#.......##############..###
#......)# #..# .............##
#..### .......#.#...# #.....
.....g.#.#...... .....>
.....5.......### ..####
...g..........# .##
.........#.#..#
.........#.#...


You could see Grinder and a hobgoblin.

Vanquished Creatures
  A scorpion (D:3)
  Robin (D:3)
  An adder (D:2)
  5 leopard geckos
  8 bats
  A giant cockroach (D:2)
  9 goblins
  10 hobgoblins
  3 jackals (D:2)
  2 ball pythons
  2 frilled lizards (D:2)
  5 kobolds
  3 rats
51 creatures vanquished.

Notes
Turn   | Place    | Note
-------+----------+-------------------------------------------
     0 | D:1      | bli the Merfolk Monk began the quest for the Orb.
     0 | D:1      | Reached XP level 1. HP: 18/18 MP: 1/1
   141 | D:1      | Reached skill level 5 in Polearms
   168 | D:1      | Reached XP level 2. HP: 24/24 MP: 2/2
   476 | D:2      | Reached skill level 6 in Polearms
   476 | D:2      | Reached XP level 3. HP: 28/29 MP: 3/3
   623 | D:2      | Found a stormy altar of Qazlal.
   696 | D:2      | Found a sparkling altar of Nemelex Xobeh.
  1560 | D:3      | Noticed Robin
  1564 | D:3      | Reached XP level 4. HP: 36/36 MP: 4/4
  1693 | D:3      | Killed Robin
  1781 | D:3      | Reached skill level 7 in Polearms
  1781 | D:3      | Reached XP level 5. HP: 23/42 MP: 5/5
  1953 | D:3      | Noticed Grinder
  1961 | D:3      | Paralysed by Grinder for 2 turns
  1967 | D:3      | Paralysed by Grinder for 5 turns
  1975 | D:3      | Slain by Grinder

Vault maps used:
D:1:      lightli_arrival_statue_moat, hangedman_decor_peaks_small
D:2:      lemuel_doored_altar, nemelex_altar_shiori
D:3:      minmay_diamond_boxcup, gammafunk_ghost_mausoleum, first_ration,
          uniq_grinder, uniq_ijyb, uniq_sigmund, uniq_robin

Skill      XL: |  1  2  3  4 |
---------------+-------------+-----
Polearms       | 5 6 7 |  7.4
Fighting       | 4 |  4.3
Dodging        | |  4.0
Stealth        | |  2.1

Action                   |  1- 3 |  4- 6 || total
-------------------------+-------+-------++-------
Melee: Spear             |   154 |    53 ||   207
Throw: Stone             |     4 |     1 ||     5
Evoke: Wand              |       |     2 ||     2
 Stab: Sleeping          |     4 |       ||     4
  Eat: Chunk             |     2 |     1 ||     3
Armor: Robe              |    22 |     1 ||    23
       Animal skin       |       |     1 ||     1
Dodge: Dodged            |    72 |    18 ||    90

Table legend:
 A = Non-vault XP
 B = Vault XP
 C = Vault XP percentage of total XP
 D = Non-vault monster count
 E = Vault monster count
 F = Vault count percentage of total count
                 A         B        C        D         E       F
            +---------+---------+-------+---------+---------+-------
      Total |     162 |      28 |  14.7 |      44 |       7 |  13.7
            +---------+---------+-------+---------+---------+-------
        D:1 |      30 |       0 |   0.0 |      15 |       0 |   0.0
        D:2 |      49 |       4 |   7.5 |      22 |       2 |   8.3
        D:3 |      83 |      24 |  22.4 |       7 |       5 |  41.7
            +---------+---------+-------+---------+---------+-------
